| TOP OF THE 1ST |
|
Greeneville Astros batting - Pitching for Baltimore (APP) Orioles : LHP Luis Perez
|
|
Pitching: LHP Luis Perez
|
|
|
Batting: RHB Bruce Bermudez
|
0-0: Ball 1-0: Swinging Strike 1-1: Foul Ball, location: 2F 1-2: Foul Ball, location: 2F 1-2: Ball 2-2: Strikes out swinging
|
|
Batting: RHB Jorge Gutierrez
|
0-0: Foul Ball, location: 2F 0-1: Ball 1-1: Called Strike 1-2: Strikes out swinging
|
|
Batting: RHB Ryan Salas
|
0-0: Ball 1-0: Ball 2-0: Ball 3-0: Called Strike 3-1: Fly out, F9 (Flyball, 9, EV 91.3 MPH)
|
| Top of the 1st over - 0 runs, 0 hits, 0 errors, 0 left on base; Greeneville 0 - Baltimore (APP) 0 |
| BOTTOM OF THE 1ST |
|
Baltimore (APP) Orioles batting - Pitching for Greeneville Astros : RHP James Browning
|
|
Pitching: RHP James Browning
|
|
|
Batting: LHB Eric Jackson
|
0-0: Foul Ball, location: 2F 0-1: Bunt missed! 0-2: Foul Ball, location: 2F 0-2: Ball 1-2: Ball 2-2: Ball 3-2: Fly out, F7 (Flyball, 7, EV 83.1 MPH)
|
|
Batting: RHB Mike Zepeda
|
0-0: Called Strike 0-1: Foul Ball, location: 2F 0-2: Ball 1-2: Ball 2-2: Ball 3-2: Base on Balls
|
|
Batting: LHB Bill Ostlund
|
0-0: Ball 1-0: Called Strike 1-1: Ball 2-1: Foul Ball, location: 2F 2-2: Ball 3-2: Base on Balls Mike Zepeda to second
|
|
Batting: RHB Jeremy Sipe
|
0-0: Ball 1-0: Ball 2-0: Called Strike 2-1: Ball 3-1: Base on Balls Mike Zepeda to third Bill Ostlund to second
|
|
Batting: RHB Alex Valencia
|
0-0: Ball 1-0: Ball 2-0: Ball 3-0: Called Strike 3-1: Base on Balls Mike Zepeda scores Bill Ostlund to third Jeremy Sipe to second
|
|
Batting: RHB Lee Deason
|
0-0: Called Strike 0-1: Grounds into double play, 5-4-3 (Groundball, 5, EV 82.5 MPH)
|
| Bottom of the 1st over - 1 run, 0 hits, 0 errors, 2 left on base; Greeneville 0 - Baltimore (APP) 1 |
| TOP OF THE 2ND |
|
Greeneville Astros batting - Pitching for Baltimore (APP) Orioles : LHP Luis Perez
|
|
Batting: RHB Ramon Castellon
|
0-0: Ball 1-0: Ground out 4-3 (Groundball, 34, EV 111.9 MPH)
|
|
Batting: LHB Josh Birkner
|
0-0: Called Strike 0-1: Called Strike 0-2: Ball 1-2: Fly out, F7 (Flyball, 7, EV 89.4 MPH)
|
|
Batting: LHB Kyle Moore
|
0-0: Foul Ball, location: 2F 0-1: Foul Ball, location: 2F 0-2: Ball 1-2: Foul Ball, location: 2F 1-2: Ground out 6-3 (Groundball, 6M, EV 100.0 MPH)
|
| Top of the 2nd over - 0 runs, 0 hits, 0 errors, 0 left on base; Greeneville 0 - Baltimore (APP) 1 |
| BOTTOM OF THE 2ND |
|
Baltimore (APP) Orioles batting - Pitching for Greeneville Astros : RHP James Browning
|
|
Batting: LHB Tomas de Zeeuw
|
0-0: Ground out 4-3 (Groundball, 34D, EV 105.6 MPH)
|
|
Batting: RHB Fernando Bravo
|
0-0: Foul Ball, location: 2F 0-1: Reached on error, E4 (Groundball, 4D, EV 101.9 MPH)
|
|
Batting: RHB Ioan Biros
|
0-0: Ball 1-0: DOUBLE (Line Drive, 9LS, EV 93.1 MPH) Fernando Bravo to third Runner from 3rd tries for Home, throw by RF and OUT! 9-4-2
|
|
Batting: LHB Eric Jackson
|
0-0: Ball 1-0: Ball 2-0: Called Strike 2-1: Ball 3-1: Called Strike 3-2: 2-RUN HOME RUN (Line Drive, 9D, EV 98.8 MPH), Distance : 387 ft
|
|
Batting: RHB Mike Zepeda
|
0-0: Ball 1-0: Called Strike 1-1: Foul Ball, location: 2F 1-2: Ball 2-2: Ball 3-2: Ground out 6-3 (Groundball, 6, EV 88.1 MPH)
|
| Bottom of the 2nd over - 2 runs, 2 hits, 1 error, 0 left on base; Greeneville 0 - Baltimore (APP) 3 |
| TOP OF THE 3RD |
|
Greeneville Astros batting - Pitching for Baltimore (APP) Orioles : LHP Luis Perez
|
|
Batting: RHB Guo-ning Chen
|
0-0: Called Strike 0-1: Swinging Strike 0-2: Strikes out swinging
|
|
Batting: RHB Erik Smith
|
0-0: Ball 1-0: Foul Ball, location: 2F 1-1: Ball 2-1: Fly out, F7 (Flyball, 78S, EV 93.1 MPH)
|
|
Batting: LHB Jimmy Edlin
|
0-0: Ball 1-0: Foul Ball, location: 2F 1-1: Swinging Strike 1-2: Ball 2-2: Strikes out swinging
|
| Top of the 3rd over - 0 runs, 0 hits, 0 errors, 0 left on base; Greeneville 0 - Baltimore (APP) 3 |
| BOTTOM OF THE 3RD |
|
Baltimore (APP) Orioles batting - Pitching for Greeneville Astros : RHP James Browning
|
|
Batting: LHB Bill Ostlund
|
0-0: Ball 1-0: Called Strike 1-1: Ball 2-1: Ball 3-1: Base on Balls
|
|
Batting: RHB Jeremy Sipe
|
0-0: SINGLE (Groundball, 56D, EV 95.6 MPH) Bill Ostlund to second
|
|
Batting: RHB Alex Valencia
|
0-0: Ball 1-0: Ball 2-0: SINGLE (Groundball, 6MD, EV 94.4 MPH) Bill Ostlund to third Jeremy Sipe to second Runner from 3rd tries for Home, SAFE, throw by CF to home
|
|
Batting: RHB Lee Deason
|
0-0: Ball 1-0: Ball 2-0: Swinging Strike 2-1: Fly out, F8 (Flyball, 89S, EV 83.8 MPH)
|
|
Batting: LHB Tomas de Zeeuw
|
0-0: Called Strike 0-1: Ball 1-1: Ball 2-1: Foul Ball, location: 2F 2-2: Fly out, F4 (Popup, 4, EV 58.8 MPH)
|
|
Batting: RHB Fernando Bravo
|
0-0: Ball 1-0: Called Strike 1-1: Ball 2-1: Ground out 1-3 (Groundball, P, EV 71.9 MPH)
|
| Bottom of the 3rd over - 1 run, 2 hits, 0 errors, 2 left on base; Greeneville 0 - Baltimore (APP) 4 |
| TOP OF THE 4TH |
|
Greeneville Astros batting - Pitching for Baltimore (APP) Orioles : LHP Luis Perez
|
|
Batting: RHB Bruce Bermudez
|
0-0: Swinging Strike 0-1: Swinging Strike 0-2: Ground out 4-3 (Groundball, 4MS, EV 89.4 MPH)
|
|
Batting: RHB Jorge Gutierrez
|
0-0: Ball 1-0: Ball 2-0: Swinging Strike 2-1: Foul Ball, location: 2F 2-2: Strikes out swinging
|
|
Batting: RHB Ryan Salas
|
0-0: Called Strike 0-1: Ball 1-1: Fly out, F8 (Flyball, 8LM, EV 92.5 MPH)
|
| Top of the 4th over - 0 runs, 0 hits, 0 errors, 0 left on base; Greeneville 0 - Baltimore (APP) 4 |
| BOTTOM OF THE 4TH |
|
Baltimore (APP) Orioles batting - Pitching for Greeneville Astros : RHP James Browning
|
|
Batting: RHB Ioan Biros
|
0-0: Ball 1-0: Ball 2-0: Ball 3-0: Base on Balls
|
|
Batting: LHB Eric Jackson
|
0-0: Called Strike 0-1: Ground out 5-3 (Groundball, 5S, EV 69.4 MPH) Ioan Biros to second
|
|
Batting: RHB Mike Zepeda
|
0-0: Ball 1-0: DOUBLE (Flyball, 89D, EV 98.1 MPH) Ioan Biros scores
|
|
Batting: LHB Bill Ostlund
|
0-0: Foul Ball, location: 2F 0-1: Ball 1-1: Called Strike Mike Zepeda steals 3rd base 1-2: SINGLE (Groundball, 34D, EV 102.5 MPH) Mike Zepeda scores
|
|
Batting: RHB Jeremy Sipe
|
0-0: Ball 1-0: Ball 2-0: Ball 3-0: Base on Balls Bill Ostlund to second
|
|
Batting: RHB Alex Valencia
|
0-0: Ball Wild Pitch! Bill Ostlund to third Jeremy Sipe to second 1-0: Ball 2-0: Ball 3-0: Called Strike 3-1: Base on Balls
|
|
Pitching: RHP Jon Davis
|
|
|
Batting: RHB Lee Deason
|
0-0: Called Strike 0-1: Ball 1-1: Ball 2-1: Foul Ball, location: 2F 2-2: Fly out, F7 (Flyball, 7S, EV 91.3 MPH)
|
|
Batting: LHB Tomas de Zeeuw
|
0-0: Ball 1-0: DOUBLE (Flyball, 8LXD, EV 91.9 MPH) Bill Ostlund scores Jeremy Sipe scores Alex Valencia to third Runner from 3rd tries for Home, SAFE, no throw by CF
|
|
Batting: RHB Fernando Bravo
|
0-0: Called Strike 0-1: Ball 1-1: Foul Ball, location: 2F 1-2: DOUBLE (Groundball, 5L, EV 101.9 MPH) Tomas de Zeeuw scores
|
|
Batting: RHB Ioan Biros
|
0-0: Ball 1-0: Ball 2-0: Ball 3-0: Called Strike 3-1: Foul Ball, location: 2F 3-2: Ground out 6-3 (Groundball, 6S, EV 86.3 MPH)
|
| Bottom of the 4th over - 6 runs, 4 hits, 0 errors, 1 left on base; Greeneville 0 - Baltimore (APP) 10 |
| TOP OF THE 5TH |
|
Greeneville Astros batting - Pitching for Baltimore (APP) Orioles : LHP Luis Perez
|
|
Batting: RHB Ramon Castellon
|
0-0: Ball 1-0: Ball 2-0: Foul Ball, location: 2F 2-1: Swinging Strike 2-2: Foul Ball, location: 2F 2-2: Strikes out swinging
|
|
Batting: LHB Josh Birkner
|
0-0: Ball 1-0: Foul Ball, location: 2F 1-1: Foul Ball, location: 2F 1-2: Fly out, F8 (Flyball, 78XD, EV 102.5 MPH)
|
|
Batting: LHB Kyle Moore
|
0-0: Called Strike 0-1: Foul Ball, location: 2F 0-2: Foul Ball, location: 2F 0-2: Ball 1-2: Ball 2-2: Ball 3-2: Base on Balls
|
|
Batting: RHB Guo-ning Chen
|
0-0: Ball 1-0: Foul Ball, location: 2F 1-1: Ball 2-1: Fly out, F9 (Line Drive, 89M, EV 105.6 MPH)
|
| Top of the 5th over - 0 runs, 0 hits, 0 errors, 1 left on base; Greeneville 0 - Baltimore (APP) 10 |
| BOTTOM OF THE 5TH |
|
Baltimore (APP) Orioles batting - Pitching for Greeneville Astros : RHP Jon Davis
|
|
Batting: LHB Eric Jackson
|
0-0: Ball 1-0: Ball 2-0: Foul Ball, location: 2F 2-1: DOUBLE (Flyball, 8LXD, EV 115.0 MPH)
|
|
Pitching: LHP Mark Sanders
|
|
|
Batting: RHB Mike Zepeda
|
0-0: Swinging Strike 0-1: Ball 1-1: Ball 2-1: Foul Ball, location: 2F 2-2: Strikes out swinging
|
|
Batting: LHB Bill Ostlund
|
0-0: Ball 1-0: Foul Ball, location: 2F 1-1: Ball 2-1: Ball 3-1: Base on Balls
|
|
Batting: RHB Jeremy Sipe
|
0-0: Ball 1-0: Ball 2-0: Ball 3-0: Base on Balls Eric Jackson to third Bill Ostlund to second
|
|
Batting: RHB Alex Valencia
|
0-0: Called Strike 0-1: SINGLE (Groundball, 3D, EV 99.4 MPH) Eric Jackson scores Bill Ostlund to third Jeremy Sipe to second Runner from 3rd tries for Home, SAFE, throw by RF to home
|
|
Batting: RHB Lee Deason
|
0-0: Ball 1-0: Ball 2-0: Ball 3-0: Base on Balls Jeremy Sipe to third Alex Valencia to second
|
|
Pitching: RHP Devin Spears
|
|
|
Batting: LHB Tomas de Zeeuw
|
0-0: Foul Ball, location: 2F 0-1: Called Strike 0-2: DOUBLE (Line Drive, 9LS, EV 92.5 MPH) Jeremy Sipe scores Alex Valencia scores Lee Deason to third
|
|
Batting: RHB Fernando Bravo
|
0-0: Called Strike 0-1: Called Strike 0-2: 3-RUN HOME RUN (Flyball, 7D, EV 103.8 MPH), Distance : 388 ft
|
|
Batting: RHB Ioan Biros
|
0-0: Ball 1-0: Ball 2-0: Foul Ball, location: 2F 2-1: Ball 3-1: Foul Ball, location: 2F 3-2: Base on Balls
|
|
Batting: LHB Eric Jackson
|
0-0: Ball 1-0: Called Strike 1-1: SINGLE (Groundball, 6M, EV 106.3 MPH) (infield hit) Ioan Biros to second
|
|
Batting: RHB Mike Zepeda
|
0-0: Ball 1-0: Ball 2-0: Ball 3-0: Base on Balls Ioan Biros to third Eric Jackson to second
|
|
Pitching: LHP Ruben Rojas
|
|
|
Batting: LHB Bill Ostlund
|
0-0: Ball 1-0: Swinging Strike 1-1: Swinging Strike 1-2: Strikes out swinging
|
|
Batting: RHB Jeremy Sipe
|
0-0: Ball 1-0: Ball 2-0: Ball 3-0: Base on Balls Ioan Biros scores Eric Jackson to third Mike Zepeda to second
|
|
Batting: RHB Alex Valencia
|
0-0: Called Strike 0-1: Ball 1-1: SINGLE (Groundball, 6M, EV 108.8 MPH) Eric Jackson scores Mike Zepeda to third Jeremy Sipe to second Runner from 3rd tries for Home, SAFE, throw by CF to home
|
|
Batting: RHB Lee Deason
|
0-0: Called Strike 0-1: Ball 1-1: Ball 2-1: Ground out 5-3 (Groundball, 56S, EV 74.4 MPH)
|
| Bottom of the 5th over - 10 runs, 6 hits, 0 errors, 2 left on base; Greeneville 0 - Baltimore (APP) 20 |
| TOP OF THE 6TH |
|
Greeneville Astros batting - Pitching for Baltimore (APP) Orioles : LHP Luis Perez
|
|
Batting: RHB Erik Smith
|
0-0: Fly out, F8 (Line Drive, 8LM, EV 105.0 MPH)
|
|
Batting: LHB Jimmy Edlin
|
0-0: Called Strike 0-1: Foul Ball, location: 2F 0-2: Ball 1-2: Fly out, F9 (Flyball, 9S, EV 86.9 MPH)
|
|
Batting: RHB Bruce Bermudez
|
0-0: Ball 1-0: Ball 2-0: Called Strike 2-1: Foul Ball, location: 2F 2-2: Fly out, F8 (Line Drive, 8LD, EV 92.5 MPH)
|
| Top of the 6th over - 0 runs, 0 hits, 0 errors, 0 left on base; Greeneville 0 - Baltimore (APP) 20 |
| BOTTOM OF THE 6TH |
|
Baltimore (APP) Orioles batting - Pitching for Greeneville Astros : LHP Ruben Rojas
|
|
Batting: LHB Tomas de Zeeuw
|
0-0: Ball 1-0: Ball 2-0: Ball 3-0: Called Strike 3-1: Swinging Strike 3-2: Base on Balls
|
|
Pitching: RHP Calisto Morda
|
|
|
Batting: RHB Fernando Bravo
|
0-0: Ball 1-0: Swinging Strike 1-1: Called Strike 1-2: Strikes out swinging
|
|
Batting: RHB Ioan Biros
|
0-0: Grounds into double play, 5-4-3 (Groundball, 56S, EV 80.6 MPH)
|
| Bottom of the 6th over - 0 runs, 0 hits, 0 errors, 0 left on base; Greeneville 0 - Baltimore (APP) 20 |
| TOP OF THE 7TH |
|
Greeneville Astros batting - Pitching for Baltimore (APP) Orioles : LHP Luis Perez
|
|
Batting: RHB Jorge Gutierrez
|
0-0: Swinging Strike 0-1: Ball 1-1: Ball 2-1: Foul Ball, location: 2F 2-2: Foul Ball, location: 2F 2-2: Ball 3-2: Strikes out swinging
|
|
Batting: RHB Ryan Salas
|
0-0: Ground out 3-1 (Groundball, 34S, EV 91.9 MPH)
|
|
Batting: RHB Ramon Castellon
|
0-0: Ball 1-0: DOUBLE (Flyball, 9LD, EV 103.1 MPH)
|
|
Batting: LHB Josh Birkner
|
0-0: Called Strike 0-1: Called Strike 0-2: Ball 1-2: Ball 2-2: Foul Ball, location: 2F 2-2: Strikes out swinging
|
| Top of the 7th over - 0 runs, 1 hit, 0 errors, 1 left on base; Greeneville 0 - Baltimore (APP) 20 |
| BOTTOM OF THE 7TH |
|
Baltimore (APP) Orioles batting - Pitching for Greeneville Astros : RHP Calisto Morda
|
|
Pinch Hitting: LHB Antonio Cantu
|
0-0: Ball 1-0: Ground out 6-3 (Groundball, 6, EV 82.5 MPH)
|
|
Batting: RHB Mike Zepeda
|
0-0: Ball 1-0: Foul Ball, location: 2F 1-1: Ground out 4-3 (Groundball, 34, EV 105.6 MPH)
|
|
Pinch Hitting: RHB Matt Foster
|
0-0: Ball 1-0: Ball 2-0: Ball 3-0: Swinging Strike 3-1: Base on Balls
|
|
Pinch Hitting: RHB Matt O'Dea
|
0-0: Ball 1-0: Ball 2-0: Fly out, F8 (Line Drive, 8LM, EV 104.4 MPH)
|
| Bottom of the 7th over - 0 runs, 0 hits, 0 errors, 1 left on base; Greeneville 0 - Baltimore (APP) 20 |
| TOP OF THE 8TH |
|
Greeneville Astros batting - Pitching for Baltimore (APP) Orioles : LHP Luis Perez
|
|
Now at 1B: Matt O'Dea
|
|
|
Now in LF: Matt Foster
|
|
|
Now in CF: Antonio Cantu
|
|
|
Now in RF: Tomas de Zeeuw
|
|
|
Batting: LHB Kyle Moore
|
0-0: Called Strike 0-1: Foul Ball, location: 2F 0-2: Strikes out swinging
|
|
Batting: RHB Guo-ning Chen
|
0-0: Foul Ball, location: 2F 0-1: Called Strike 0-2: Strikes out swinging
|
|
Batting: RHB Erik Smith
|
0-0: Ground out 6-3 (Groundball, 6, EV 81.9 MPH)
|
| Top of the 8th over - 0 runs, 0 hits, 0 errors, 0 left on base; Greeneville 0 - Baltimore (APP) 20 |
| BOTTOM OF THE 8TH |
|
Baltimore (APP) Orioles batting - Pitching for Greeneville Astros : RHP Calisto Morda
|
|
Pitching: RHP Alexander Hagan
|
|
|
Batting: RHB Alex Valencia
|
0-0: Ball 1-0: Foul Ball, location: 2F 1-1: Ball 2-1: Ball 3-1: Foul Ball, location: 2F 3-2: Foul Ball, location: 2F 3-2: SINGLE (Groundball, 4D, EV 106.3 MPH)
|
|
Batting: RHB Lee Deason
|
0-0: Ball 1-0: Foul Ball, location: 2F 1-1: SINGLE (Groundball, 56D, EV 98.1 MPH) Alex Valencia to second
|
|
Pinch Hitting: RHB Ronnie Cummings
|
0-0: 3-RUN HOME RUN (Flyball, 7LD, EV 94.4 MPH), Distance : 366 ft
|
|
Batting: RHB Fernando Bravo
|
0-0: Called Strike 0-1: Ball 1-1: Ground out 5-3 (Groundball, 56, EV 95.0 MPH)
|
|
Batting: RHB Ioan Biros
|
0-0: Ball 1-0: Called Strike 1-1: Ball 2-1: Ball 3-1: Base on Balls
|
|
Batting: LHB Antonio Cantu
|
0-0: Swinging Strike 0-1: Swinging Strike 0-2: Foul Ball, location: 2F 0-2: Foul Ball, location: 2F 0-2: Ball 1-2: Ball 2-2: Strikes out swinging
|
|
Batting: RHB Mike Zepeda
|
0-0: Called Strike 0-1: Ball 1-1: Foul Ball, location: 2F 1-2: Strikes out swinging
|
| Bottom of the 8th over - 3 runs, 3 hits, 0 errors, 1 left on base; Greeneville 0 - Baltimore (APP) 23 |
| TOP OF THE 9TH |
|
Greeneville Astros batting - Pitching for Baltimore (APP) Orioles : LHP Luis Perez
|
|
Now in CF: Justin Alworth
|
|
|
Now in RF: Antonio Cantu
|
|
|
Batting: LHB Jimmy Edlin
|
0-0: Ball 1-0: Ball 2-0: Called Strike 2-1: Ball 3-1: Foul Ball, location: 2F 3-2: SINGLE (Groundball, 34D, EV 100.0 MPH)
|
|
Batting: RHB Bruce Bermudez
|
0-0: Called Strike 0-1: Ball 1-1: Ball 2-1: Foul Ball, location: 2F 2-2: Strikes out looking
|
|
Pitching: RHP Chris Kimura
|
|
|
Batting: RHB Jorge Gutierrez
|
0-0: Foul Ball, location: 2F 0-1: Swinging Strike 0-2: Ball 1-2: Ball Wild Pitch! Jimmy Edlin to second 2-2: Ball 3-2: Strikes out swinging
|
|
Batting: RHB Ryan Salas
|
0-0: Called Strike 0-1: Foul Ball, location: 2F 0-2: Strikes out looking
|
| Top of the 9th over - 0 runs, 1 hit, 0 errors, 1 left on base; Greeneville 0 - Baltimore (APP) 23 |
|